AoeStats
← King L

Arabian Desert

510645251Analyzed
1v1 RM · 23h ago on Oct 2, 2026· 43m 57s· 2 players
Game mode
Random Map
Map size
Tiny (2 player)
Population
200
Speed
Normal
Resources
Standard
Victory
Conquest
Starting age
Dark Age
Ending age
Imperial Age
RankedLock teamsTeams togetherTeam positionsShared explorationLock speedFull tech treeHidden civsTurbo modeCheats
Victory
Defeat
🇺🇸 Persians · United States
1035
+16
🇨🇱 Khmer · Chile
1044
-16
Dog
6:00 Loom
8:34 Feudal Age
9:20 Double-Bit Axe
20:34 Castle Age
19:34 Forging
19:29 Scale Barding Armor
19:53 Horse Collar
20:37 Bloodlines
21:44 Bow Saw
22:46 Wheelbarrow
27:11 Heavy Plow
28:40 Iron Casting
28:25 Chain Barding Armor
29:59 Chain Barding Armor
30:41 Hand Cart
34:40 Murder Holes
34:55 Masonry
35:22 Fletching
36:00 Ballistics
37:09 Bodkin Arrow
40:35 Imperial Age
38:38 Gold Mining
38:38 Stone Mining
40:26 Heavy Scorpion
40:52 Cavalier
42:35 Blast Furnace
42:10 Plate Barding Armor
King L
3:16 Loom
10:50 Feudal Age
12:53 Double-Bit Axe
21:05 Castle Age
19:40 Horse Collar
19:56 Gold Mining
20:18 Forging
21:10 Scale Barding Armor
21:08 Pikeman
22:36 Bloodlines
27:42 Iron Casting
27:54 Scale Mail Armor
31:05 Chain Mail Armor
35:19 Chain Barding Armor
36:18 Fletching
37:17 Wheelbarrow
37:00 Bodkin Arrow
39:42 Murder Holes
Connection lost

Rejoining the realm…

Still unreachable

The connection could not be restored.

Session expired

The server has moved on; the page needs a fresh start.